 Dungeon Crawl Stone Soup version 0.22-a0-419-g492bfec (webtiles) character file.

112236 Amnesiac the Fetichist (level 16, -2/105 HPs)
             Began as a Spriggan Transmuter on May 15, 2018.
             Was an Initiate of Gozag.
             Slain by a white ugly thing (30 damage)
             ... on level 15 of the Dungeon.
             The game lasted 01:09:17 (27282 turns).

Amnesiac the Fetichist (Spriggan Transmuter)       Turns: 27282, Time: 01:09:17

Health: -2/105     AC:  8    Str:  8    XL:     16   Next: 11%
Magic:  10/10      EV: 30    Int: 21    God:    Gozag
Gold:   6243       SH: 11    Dex: 15    Spells: 9/26 levels left

rFire    + . .     SeeInvis +   a - +10 scimitar of Conformity {antimagic, rF+ rN+}
rCold    . . .     Gourm    .   J - +3 buckler
rNeg     + . .     Faith    .   F - +2 robe of Vines {NoPotionHeal Regen+7}
rPois    .         Spirit   .   R - +2 hat "Anuxzess" {Int+2}
rElec    .         Reflect  .   A - scarf {repulsion}
rCorr    .         Harm     .   (gloves unavailable)
MR       ++...                  (boots unavailable)
Stlth    +.........             B - amulet of Vitality {Regen+ HP+15}
HPRegen  3.47/turn              D - +2 ring of protection
MPRegen  0.12/turn              (no ring)

@: lethally poisoned (-2 -> -3), gold aura, repel missiles, very quick
A: very small, unfitting armour, see invisible, clumsy 1, herbivore, speed 3,
slow metabolism 2
a: Potion Petition, Call Merchant, Bribe Branch, Renounce Religion


You were on level 15 of the Dungeon.
You worshipped Gozag.
Gozag was greatly pleased with you.
You were not hungry.

You visited 4 branches of the dungeon, and saw 24 of its levels.
You also visited: Labyrinth and Ice Cave.

You collected 10424 gold pieces.
You spent 4043 gold pieces at shops.
You paid 138 gold pieces to Gozag.

Inventory:

Hand Weapons
 a - the +10 scimitar of Conformity (weapon) {antimagic, rF+ rN+}
   (You bought it in a shop on level 9 of the Dungeon)

   It reduces the magical energy of the wielder, and disrupts the spells and
   magical abilities of those hit.
   Natural abilities and divine invocations are not affected.
   It protects you from fire.
   It protects you from negative energy.
 o - a +0 blowgun
 I - a +1 scimitar of flaming
 Z - the +7 captain's cutlass {speed, disarm}
   (You found it on level 6 of the Lair of Beasts)

   Attacks with this weapon are significantly faster.
Missiles
 q - 8 curare-tipped needles
 w - 289 arrows
Armour
 A - a scarf of repulsion (worn)
 F - the +2 robe of Vines (worn) {NoPotionHeal Regen+7}
   (You bought it in a shop on level 6 of the Dungeon)

   It increases your rate of regeneration.
 J - a +3 buckler (worn)
 R - the +2 hat "Anuxzess" (worn) {Int+2}
   (You bought it in a shop on level 2 of the Orcish Mines)

   It affects your intelligence (+2).
Jewellery
 m - an uncursed ring of protection from fire
 v - an uncursed amulet of guardian spirit
 B - the amulet of Vitality (around neck) {Regen+ HP+15}
   (You bought it in a shop on level 2 of the Orcish Mines)

   [amulet of regeneration]

   It affects your health (+15).
   It increases your rate of regeneration.
 D - a +2 ring of protection (left hand)
 Y - an uncursed ring of ice
Wands
 b - a wand of scattershot (4)
 h - a wand of polymorph (33)
 l - a wand of enslavement (15)
 y - a wand of paralysis (19)
 N - a wand of flame (56)
 O - a wand of iceblast (19)
 Q - a wand of random effects (54)
 S - a wand of disintegration (18)
 V - a wand of acid (7)
Scrolls
 c - 10 scrolls of remove curse {!r}
 g - 19 scrolls of teleportation {!r}
 j - 7 scrolls of magic mapping {!r}
 t - 3 scrolls of blinking {!r}
 z - 2 scrolls of amnesia {!r}
 C - 2 scrolls of fog {!r}
 G - 7 scrolls of identify {!r}
 T - a scroll of enchant armour {!r}
 U - a scroll of summoning {!r}
 W - a scroll of fear {!r}
 X - 3 scrolls of brand weapon {!r}
Potions
 d - 7 potions of heal wounds {!q}
 e - 7 potions of might {!q}
 f - 6 potions of degeneration {!q}
 i - 3 potions of resistance {!q}
 k - 5 potions of haste {!q}
 n - 2 potions of berserk rage {!q}
 p - 2 potions of flight {!q}
 r - 3 potions of brilliance {!q}
 s - 6 potions of mutation {!q}
 x - 3 potions of agility {!q}
 H - 3 potions of lignification {!q}
 K - 4 potions of cancellation {!q}
 L - 8 potions of curing {!q}
 M - 3 potions of invisibility {!q}
 P - 3 potions of magic {!q}
Miscellaneous
 u - a phial of floods
Comestibles
 E - 34 rations


   Skills:
 * Level 12.6 Fighting
 - Level 14.0 Long Blades
 + Level 14.8 Dodging
 - Level 7.2 Shields
 - Level 3.0 Unarmed Combat
 - Level 5.5 Spellcasting
 - Level 5.5 Transmutations
 - Level 1.0 Poison Magic
 - Level 18.0 Evocations


You had 9 spell levels left.
You knew the following spells:

 Your Spells              Type           Power        Failure   Level  Hunger
a - Apportation           Tloc           #.....       11%         1    None
b - Sticks to Snakes      Tmut           ####....     1%          2    None
c - Blade Hands           Tmut           ####......   28%         5    #####..
e - Mephitic Cloud        Conj/Pois/Air  #.......     26%         3    ##.....
s - Conjure Flame         Conj/Fire      #.......     30%         3    ##.....
v - Blink                 Tloc           N/A          16%         2    None
z - Confusing Touch       Hex            #.....       11%         1    None

Your spell library contained the following spells:

 Spells                   Type           Power        Failure   Level  Hunger
 Magic Dart               Conj           #...         11%         1    None
 Fireball                 Conj/Fire      #.........   96%         5    #####..
 Bolt of Cold             Conj/Ice       #.........   100%        6    #######
 Bolt of Magma            Conj/Fire/Erth #.........   96%         5    #####..
 Slow                     Hex            #.......     16%         2    None
 Throw Flame              Conj/Fire      #.....       16%         2    None
 Freezing Cloud           Conj/Ice/Air   #.........   100%        6    #######
 Venom Bolt               Conj/Pois      #.........   93%         5    #####..
 Summon Small Mammal      Summ           #...         11%         1    None
 Animate Skeleton         Necr           N/A          11%         1    None
 Ozocubu's Refrigeration  Ice            #.........   100%        6    #######
 Sticky Flame             Conj/Fire      #.......     71%         4    ####...
 Summon Ice Beast         Ice/Summ       #.......     71%         4    ####...
 Call Imp                 Summ           #.......     16%         2    None
 Iron Shot                Conj/Erth      #.........   100%        6    #######
 Spider Form              Tmut/Pois      ###.......   9%          3    ##.....
 Statue Form              Tmut/Erth      ###......    99%         6    #######
 Ice Form                 Ice/Tmut       ###.....     32%         4    ####...
 Flame Tongue             Conj/Fire      #....        11%         1    None
 Call Canine Familiar     Summ           #.......     30%         3    ##.....
 Metabolic Englaciation   Hex/Ice        #.........   96%         5    #####..
 Shatter                  Erth           #.........   100%        9    #######
 Simulacrum               Ice/Necr       #.........   100%        6    #######
 Orb of Destruction       Conj           #.........   100%        7    #######
 Leda's Liquefaction      Hex/Erth       #.........   71%         4    ####...
 Inner Flame              Hex/Fire       #.......     30%         3    ##.....
 Beastly Appendage        Tmut           ####..       1%          1    None
 Iskenderun's Battlesphe  Conj/Chrm      #.......     96%         5    #####..
 Summon Lightning Spire   Summ/Air       #.......     71%         4    ####...
 Summon Guardian Golem    Hex/Summ       #.......     30%         3    ##.....
 Spellforged Servitor     Conj/Summ      #.........   100%        7    #######


Dungeon Overview and Level Annotations

Branches:
Dungeon (15/15) Temple (1/1) D:7 Lair (6/6) D:9 Swamp (0/4) Lair:3 Snake (0/4) Lair:3 Slime (0/5) Lair:5 Orc (2/2) D:10 Elf (0/3) Orc:2 Vaults (0/5) D:12 D:13 Depths (0/5) D:15

Altars:
Ashenzari
Cheibriados
Dithmenos
Elyvilon
Fedhas
Gozag
Hepliaklqana
Kikubaaqudgha
Makhleb
Nemelex Xobeh
Okawaru
Qazlal
Ru
Sif Muna
Trog
Uskayaw
Vehumet
Wu Jian
Xom
Yredelemnul
Zin
The Shining One
Beogh

Shops:
D:6 *}([   D:7 }*[   D:9 :!*?[   D:11 (   Orc:2 =*([!


Innate Abilities, Weirdness & Mutations

You are very small and have problems with some larger weapons.
You are too small for most types of armour.
You have supernaturally acute eyesight. (SInv)
You are a herbivore.
You cover ground extremely quickly.
You need to consume almost no food.
You are clumsy. (Dex -2)


Message History

You swing at nothing.
You feel sick.
The battlesphere dissipates.
You hit the cyan ugly thing but do no damage.
The bullfrog is no longer distracted by gold.
The cyan ugly thing bites you. The cyan ugly thing shocks you!
You slash the cyan ugly thing!
The cyan ugly thing is lightly wounded.
You feel sick. The cyan ugly thing misses you.
You slice the cyan ugly thing!!
The cyan ugly thing is moderately wounded.
The white ugly thing is distracted by the nearby gold.
A crimson imp comes into view.
The white ugly thing gurgles horribly!
You slash the cyan ugly thing!
The cyan ugly thing is heavily wounded.
You feel sick.
You hear a roar!
The bullfrog is distracted by the nearby gold.
You block the cyan ugly thing's attack.
The bullfrog croaks.
You closely miss the cyan ugly thing.
The cyan ugly thing is heavily wounded.
The cyan ugly thing bites you! The cyan ugly thing shocks you!
You barely miss the cyan ugly thing.
The cyan ugly thing is heavily wounded.
You feel sick.
The crimson imp blinks!
The cyan ugly thing completely misses you.
You barely miss the cyan ugly thing.
The cyan ugly thing is heavily wounded.
The bullfrog is no longer distracted by gold.
The white ugly thing is no longer distracted by gold.
You slash the cyan ugly thing!
The cyan ugly thing is severely wounded.
The cyan ugly thing completely misses you.
You riposte.
You slash the cyan ugly thing!
The cyan ugly thing is severely wounded.
You closely miss the cyan ugly thing.
The cyan ugly thing is severely wounded.
You feel sick. The cyan ugly thing misses you.
You slash the cyan ugly thing!
The cyan ugly thing is almost dead.
You hit the cyan ugly thing.
You kill the cyan ugly thing!
You barely miss the white ugly thing.
You feel sick.
You closely miss the white ugly thing. You slash the white ugly thing!
The white ugly thing is lightly wounded.
The white ugly thing tail-slaps you but does no damage.
You slash the white ugly thing!
The white ugly thing is moderately wounded.
You feel sick. The white ugly thing tail-slaps you.
The white ugly thing freezes you!
You hit the white ugly thing.
The white ugly thing is moderately wounded.
The white ugly thing tail-slaps you. The white ugly thing freezes you!!
* * * LOW HITPOINT WARNING * * *
You slash the white ugly thing!
The white ugly thing is heavily wounded.
You slash the white ugly thing!
The white ugly thing is severely wounded.
The white ugly thing tail-slaps you!
* * * LOW HITPOINT WARNING * * *
The white ugly thing freezes you!!
You die...
Your body crumbles into a pile of gold.

#......# #.......J+ ...
#########...##### #.......J#....
.....J..........#
#.%.......#.....##.D....###cooO.##
##.#.....#.####.5...$..#u.oOo
...#...#.# .......####.# ...
#.#.#.#..# ####.... .# ...#.. ..#
#.... . ...#.##### #....# #.


You could see a white ugly thing, an acid dragon, a bullfrog and a crimson imp.

Vanquished Creatures
  Roxanne (D:14)
  A frost giant (IceCv)
  An orc warlord (Orc:1)
  A minotaur (Lab)
  Snorg (Orc:1)
  An ettin (D:15)
  2 fire dragons
  Josephine (D:13)
  Fannar (D:11)
  An ice dragon (Lair:6)
  9 hydras
  2 centaur warriors
  5 two-headed ogres
  An ogre mage (D:15)
  An orc high priest (Orc:2)
  Nergalle (D:10)
  Urug (D:11)
  3 skeletal warriors (D:14)
  3 unseen horrors
  An orange crystal statue (D:14)
  2 deep elf magi (D:11)
  A lindwurm (Lair:6)
  4 orc knights
  2 wolf spiders (Lair:6)
  19 ugly things
  2 oklob plants (Lair:5)
  8 orc sorcerers
  A wolf spider (shapeshifter) (D:13)
  4 cyclopes
  A manticore (D:15)
  A centaur zombie (D:12)
  17 slime creatures
  5 elephants (Lair:5)
  2 guardian serpents
  8 black mambas
  An ice statue (Lair:6)
  Psyche (D:8)
  A molten gargoyle (Lair:5)
  5 torpor snails (Lair:6)
  3 centaur skeletons
  16 spiny frogs
  8 komodo dragons
  A yaktaur (D:13)
  3 tengu conjurers (D:15)
  A rime drake (Lair:6)
  An efreet (D:13)
  A kobold demonologist (D:14)
  A queen bee (Lair:6)
  17 polar bears
  8 trolls
  3 meliai (Lair:6)
  12 hornets
  4 tyrant leeches (Lair:6)
  20 blink frogs
  A meliai zombie (D:15)
  4 hippogriffs
  Sigmund (D:6)
  A centaur simulacrum (D:15)
  3 shadows
  4 redbacks
  7 wraiths
  38 yaks
  7 wyverns
  3 basilisks
  12 hungry ghosts
  Eustachio (D:4)
  A golden eye (D:11)
  16 humans
  A steam dragon (D:9)
  2 wargs
  4 vampire mosquitoes (D:14)
  34 water moccasins
  4 porcupines
  An eye of draining (D:9)
  3 phantoms
  8 ice beasts
  A swamp drake (D:11)
  32 orc warriors
  4 sky beasts
  12 ogres
  A black bear (D:9)
  A necrophage (D:13)
  31 wolves
  3 centaurs
  9 crocodiles
  A big kobold (D:9)
  17 bullfrogs
  Blork the orc (D:11)
  An earth elemental (Lab)
  2 wyvern skeletons
  8 scorpions
  41 killer bees
  6 howler monkeys
  The ghost of Steelmeadow the Poker, a weakling MfGl (D:3)
  14 wights
  9 crimson imps
  A quasit (D:9)
  13 hounds
  A bullfrog zombie (D:9)
  3 jellies
  16 orc priests
  An iron imp (D:11)
  21 orc wizards
  2 bullfrog skeletons
  8 iguanas
  9 worker ants
  A hound skeleton (D:4)
  3 worker ant zombies
  10 adders
  6 gnolls
  4 shadow imps
  14 white imps
  2 oozes
  3 adder skeletons
  An adder zombie (D:7)
  3 worms
  8 dart slugs
  5 leopard geckos
  73 orcs
  5 bats
  4 giant cockroaches
  6 goblins
  6 hobgoblins
  14 jackals
  8 kobolds
  4 quokkas
  3 frilled lizards
  A giant cockroach zombie (D:5)
  A jackal skeleton (D:5)
  A leopard gecko skeleton (D:8)
  4 quokka skeletons
  8 rats
  2 plants (Lair:6)
848 creatures vanquished.

Vanquished Creatures (collateral kills)
  A phantom (D:5)
  2 killer bees (D:8)
  2 wights (D:4)
  An iguana (D:8)
  An adder (D:3)
  A worm (D:2)
  2 dart slugs (D:3)
  A hobgoblin (D:2)
11 creatures vanquished.

Vanquished Creatures (others)
  A spiny frog (Lair:6)
  A wyvern (D:13)
  An orc wizard (D:9)
  A gnoll (Orc:2)
  A white imp (Lair:2)
  An orc (D:11)
  A quokka skeleton (D:9)
  29 fungi
  14 plants (Lair:6)
50 creatures vanquished.

Grand Total: 909 creatures vanquished

Notes
Turn   | Place    | Note
-------+----------+-------------------------------------------
     0 | D:1      | Amnesiac the Spriggan Transmuter began the quest for the Orb.
     0 | D:1      | Reached XP level 1. HP: 9/9 MP: 5/5
    25 | D:1      | Reached skill level 1 in Fighting
   168 | D:1      | Reached XP level 2. HP: 14/14 MP: 4/6
   175 | D:1      | Learned a level 2 spell: Sticks to Snakes
  1050 | D:2      | Reached XP level 3. HP: 12/18 MP: 9/9
  1188 | D:2      | Learned a level 3 spell: Spider Form
  2055 | D:3      | Reached skill level 1 in Poison Magic
  2090 | D:3      | Reached XP level 4. HP: 19/22 MP: 6/10
  2091 | D:3      | Noticed Steelmeadow's ghost (weakling MfGl)
  2547 | D:3      | Found a sacrificial altar of Ru.
  3177 | D:3      | Reached skill level 5 in Transmutations
  3329 | D:3      | Killed Steelmeadow's ghost
  3329 | D:3      | Reached XP level 5. HP: 19/25 MP: 10/12
  3467 | D:4      | HP: 1/25 [poisoned by a worker ant]
  3768 | D:4      | Found a blossoming altar of Fedhas.
  3773 | D:4      | Reached skill level 5 in Spellcasting
  3774 | D:4      | Found an ancient bone altar of Kikubaaqudgha.
  4011 | D:4      | Reached XP level 6. HP: 25/30 MP: 13/15
  4118 | D:5      | Entered Level 5 of the Dungeon
  4309 | D:4      | Noticed Eustachio
  4323 | D:4      | Killed Eustachio
  4374 | D:4      | Reached XP level 7. HP: 27/35 MP: 12/16
  4873 | D:4      | Reached skill level 5 in Dodging
  6107 | D:5      | Reached XP level 8. HP: 12/42 MP: 8/17
  6116 | D:5      | HP: 2/42 [poisoned by a water moccasin]
  6468 | D:6      | Reached skill level 5 in Fighting
  6911 | D:6      | Found Fueshrer's Antique Armour Boutique.
  6931 | D:6      | Bought a runed robe for 99 gold pieces
  6943 | D:6      | Found Wuogi's Weapon Shoppe.
  7103 | D:6      | Found Qujukh's Gadget Shop.
  7182 | D:6      | Found a burning altar of Makhleb.
  7182 | D:6      | Found a shattered altar of Ashenzari.
  7182 | D:6      | Found a basalt altar of Yredelemnul.
  7183 | D:6      | Found an ornate altar of the Wu Jian Council.
  7183 | D:6      | Found an opulent altar of Gozag.
  7183 | D:6      | Found a shimmering altar of Xom.
  7183 | D:6      | Found a sparkling altar of Nemelex Xobeh.
  7183 | D:6      | Noticed Sigmund
  7450 | D:6      | Found Toeh's Assorted Antiques.
  7460 | D:6      | Killed Sigmund
  7517 | D:6      | Became a worshipper of Gozag Ym Sagoz the Greedy
  7878 | D:6      | Bought a scroll labeled DEOPTE TUAT for 21 gold pieces
  8041 | D:7      | Found Viblye Tiowk's Armour Boutique.
  8052 | D:7      | Reached XP level 9. HP: 45/49 MP: 13/18
  8419 | D:7      | Found Gerhul's Gadget Shoppe.
  8464 | D:7      | Found Unnet's Assorted Antiques.
  8495 | D:6      | Found a deep blue altar of Sif Muna.
  8519 | D:7      | Bought a runed ruby ring for 125 gold pieces
  8519 | D:7      | Bought a knobbly coral ring for 125 gold pieces
  8756 | D:7      | Found a snail-covered altar of Cheibriados.
  8758 | D:7      | Found a hazy altar of Hepliaklqana.
  8758 | D:7      | Found a glowing golden altar of the Shining One.
  8827 | D:7      | Found a staircase to the Ecumenical Temple.
  8837 | Temple   | Entered the Ecumenical Temple
  9501 | D:8      | Reached skill level 10 in Dodging
  9947 | D:8      | Noticed Psyche
  9961 | D:8      | Killed Psyche
 10438 | D:6      | Bought the +2 robe of Vines {NoPotionHeal Regen+7} for 1680 gold pieces
 10438 | D:6      | Found the +2 robe of Vines {NoPotionHeal Regen+7}
 10460 | D:6      | Learned a level 5 spell: Blade Hands
 10657 | D:8      | Reached XP level 10. HP: 58/58 MP: 19/19
 11119 | D:9      | Found Honibat's Book Emporium.
 11394 | D:9      | Found Uretto's Assorted Antiques.
 11456 | D:9      | Reached skill level 10 in Fighting
 11499 | D:9      | Bought a faintly glowing scimitar for 252 gold pieces
 11499 | D:9      | Identified the +10 scimitar of Conformity {antimagic, rF+ rN+} (You bought it in a shop on level 9 of the Dungeon)
 11562 | D:9      | Reached skill level 1 in Long Blades
 11597 | D:9      | Reached skill level 1 in Shields
 11618 | D:9      | Found Pyusothru's Armour Emporium.
 11698 | D:9      | Found Cestok's Magic Scroll Shoppe.
 11766 | D:9      | Found Owiachaj's Distillery.
 12151 | D:9      | Found a staircase to the Lair.
 12247 | Lair:1   | Entered Level 1 of the Lair of Beasts
 12266 | Lair:1   | Reached XP level 11. HP: 63/63 MP: 6/20
 12491 | Lair:1   | Noticed a four-headed hydra
 12716 | D:10     | Entered Level 10 of the Dungeon
 13049 | D:10     | Found a staircase to the Orcish Mines.
 13407 | Orc:1    | Entered Level 1 of the Orcish Mines
 13414 | Orc:1    | Noticed Nergalle
 13416 | Orc:1    | Noticed an orc sorcerer
 13445 | D:10     | Killed Nergalle
 13445 | D:10     | Reached skill level 5 in Long Blades
 13474 | Orc:1    | Killed an orc sorcerer
 13744 | Orc:1    | Noticed an orc sorcerer
 13755 | Orc:1    | Killed an orc sorcerer
 13935 | Orc:2    | Entered Level 2 of the Orcish Mines
 13935 | Orc:2    | Found Vugifie's Distillery.
 13936 | Orc:2    | Found Ynue's Antique Armour Boutique.
 13937 | Orc:2    | Noticed an orc knight
 13966 | Orc:1    | Killed an orc knight
 14001 | Orc:2    | Noticed an orc sorcerer
 14012 | Orc:2    | Killed an orc sorcerer
 14018 | Orc:2    | Noticed an orc high priest
 14028 | Orc:2    | Noticed a soul eater
 14137 | Orc:2    | Noticed a soul eater
 14144 | Orc:2    | Noticed a sixfirhy
 14165 | Orc:2    | Killed an orc high priest
 14188 | Orc:2    | Noticed an orc sorcerer
 14194 | Orc:2    | Noticed an orc knight
 14201 | Orc:2    | Killed an orc sorcerer
 14270 | Orc:1    | Killed an orc knight
 14355 | Orc:2    | Noticed Snorg
 14415 | Orc:1    | Killed Snorg
 14415 | Orc:1    | Reached XP level 12. HP: 67/67 MP: 5/21
 14441 | Orc:2    | Reached skill level 5 in Shields
 14518 | Orc:2    | Noticed an orc warlord
 14541 | Orc:2    | Found a roughly hewn altar of Beogh.
 14643 | Orc:2    | Gained mutation: You are clumsy. (Dex -2) [a neqoxec]
 14878 | Orc:1    | Killed an orc warlord
 14898 | Orc:2    | Found Segag's Antique Weapon Shop.
 14983 | Orc:2    | Found Lumah's Jewellery Boutique.
 14993 | Orc:2    | Bought the amulet of Vitality {Regen+ HP+15} for 1106 gold pieces
 14993 | Orc:2    | Found the amulet of Vitality {Regen+ HP+15}
 14993 | Orc:2    | Bought a +2 ring of protection for 140 gold pieces
 15194 | Orc:2    | Bought a potion of resistance for 120 gold pieces
 15194 | Orc:2    | Bought a potion of cancellation for 96 gold pieces
 15209 | Orc:2    | Found Uklo's General Store.
 15231 | Orc:2    | Found a staircase to the Elven Halls.
 15308 | Orc:2    | Bought a polished hat for 279 gold pieces
 15313 | Orc:2    | Identified the +2 hat "Anuxzess" {Int+2} (You bought it in a shop on level 2 of the Orcish Mines)
 15526 | D:11     | Noticed Fannar
 15562 | D:11     | Killed Fannar
 15755 | D:11     | Noticed a two-headed ogre
 15760 | D:11     | Noticed Urug
 15760 | D:11     | Noticed Sonja
 15784 | D:11     | Killed Urug
 15798 | D:11     | Killed a two-headed ogre
 15798 | D:11     | Reached skill level 10 in Long Blades
 15799 | D:11     | Noticed Sonja
 15799 | D:11     | Sonja changed into Sonja the golden eye
 15802 | D:11     | Killed Sonja the golden eye
 15892 | D:11     | Found Gealuff's Antique Weapon Shop.
 15998 | D:11     | Noticed Blork the orc
 16014 | D:11     | Killed Blork the orc
 16113 | D:11     | Got an ancient hat
 16165 | D:11     | Identified the cursed -2 hat of the Commoners {Dex+4 Stlth+} (You found it on level 11 of the Dungeon)
 16223 | D:11     | Learned a level 2 spell: Blink
 16225 | D:11     | Learned a level 1 spell: Apportation
 16229 | D:11     | Learned a level 3 spell: Mephitic Cloud
 16233 | D:11     | Learned a level 3 spell: Conjure Flame
 16394 | D:12     | Reached XP level 13. HP: 72/72 MP: 7/22
 17017 | D:12     | Got an iridescent trident
 17239 | D:13     | Found a gate to the Vaults.
 17239 | D:13     | Noticed Nessos
 17241 | D:13     | Noticed Nessos
 17241 | D:13     | Nessos changed into Nessos the yaktaur
 17420 | D:13     | Killed Nessos the yaktaur
 17487 | D:13     | Learned a level 1 spell: Confusing Touch
 17662 | D:13     | Paralysed by a hornet for 3 turns
 18738 | Lair:2   | Identified a paperback manual
 18748 | Lair:2   | Found a frozen archway.
 18790 | IceCv    | Entered an ice cave
 19296 | IceCv    | Noticed a frost giant
 19327 | IceCv    | Killed a frost giant
 19629 | Lair:2   | Reached XP level 14. HP: 77/77 MP: 7/23
 20376 | Lair:3   | Found a staircase to the Swamp.
 20553 | Lair:3   | Found a staircase to the Snake Pit.
 20867 | Lair:3   | Reached skill level 2 in Evocations
 21066 | Lair:4   | Reached skill level 3 in Evocations
 21099 | Lair:4   | Reached skill level 4 in Evocations
 21285 | Lair:4   | Reached skill level 5 in Evocations
 21332 | Lair:4   | Reached skill level 6 in Evocations
 21350 | Lair:4   | Found the +8 whip "Snakebite" {curare, rPois}
 21465 | Lair:4   | Reached skill level 7 in Evocations
 21990 | Lair:5   | Reached skill level 8 in Evocations
 22004 | Lair:5   | Reached skill level 9 in Evocations
 22112 | Lair:5   | Reached skill level 10 in Evocations
 22167 | Lair:5   | Reached skill level 11 in Evocations
 22169 | Lair:5   | Found a staircase to the Slime Pits.
 22214 | Lair:5   | Reached skill level 12 in Evocations
 22278 | Lair:5   | Reached skill level 13 in Evocations
 22815 | Lair:5   | You fall through a shaft!
 22815 | Lair:6   | Entered Level 6 of the Lair of Beasts
 22821 | Lair:6   | Found a runed door.
 22946 | Lair:6   | Reached skill level 14 in Evocations
 23114 | Lair:6   | Reached skill level 15 in Evocations
 23273 | Lair:6   | Reached skill level 16 in Evocations
 23532 | Lair:6   | Reached XP level 15. HP: 81/81 MP: 9/28
 23647 | Lair:6   | Reached skill level 17 in Evocations
 24757 | Lair:6   | Found the +7 captain's cutlass {speed, disarm}
 25401 | D:14     | Noticed Josephine
 25414 | D:13     | Killed Josephine
 26042 | D:14     | Noticed Roxanne
 26078 | D:14     | Killed Roxanne
 26204 | D:15     | Entered Level 15 of the Dungeon
 26294 | D:15     | Found a labyrinth entrance.
 26348 | Lab      | Entered a labyrinth
 27000 | D:15     | Reached skill level 18 in Evocations
 27097 | D:14     | Reached XP level 16. HP: 89/89 MP: 6/30
 27173 | D:15     | Found a staircase to the Depths.
 27282 | D:15     | Slain by a white ugly thing

Vault maps used:
D:1:      shiori_arrival_elements
D:2:      first_ration
D:3:      kennysheep_slugbush, hex_tiny, lemuel_tele_altar
D:4:      grunt_temple_overflow_growth_and_decay, minmay_crossroads,
          uniq_eustachio
D:6:      lemuel_upstairs_altar, grunt_temple_overflow_open, serial_shops, shop,
          nicolae_shop_crystal, shop, shop_coins, uniq_sigmund
D:7:      grunt_temple_overflow_diamond, minmay_temple_entry_hall, serial_shops,
          shop, nicolae_shop_trees, shop
D:8:      uniq_psyche
D:9:      erik_lair_dragon, serial_corexii_hall, corexii_hall_statues_x,
          corexii_hall_statues_l, serial_shops, nicolae_shop_overgrown_old_shop,
          shop, nicolae_shop_waterfront, nicolae_shop_behind_doors, shop
D:10:     david_orc_2
D:11:     serial_shops, nicolae_shop_overgrown_old_shop,
          hangedman_pestilent_swarm, hangedman_minor_magic, uniq_fannar,
          uniq_urug, uniq_sonja
D:12:     kennysheep_pointless_box, kennysheep_dice
D:13:     david_vaults_3, st_stairs_8
D:14:     minivault_16, uniq_josephine, uniq_roxanne
D:15:     hangedman_depths_entry_civil_slaughter, lab_entry_generic,
          minmay_misc_feat_iff
Temple:   eino_temple_lava
Lair:2:   dragon1_lemuel, portal_ice_cave_entry_imps, beast_lair_carwin_1
Lair:3:   minmay_swamp_entry_reptiles, minmay_snake_entry_spellcaster
Lair:4:   minmay_guarded_unrand_snakebite, infiniplex_staircase_pool
Lair:5:   minmay_slime_entry_oklob_open, lemuel_fruit_tree,
          infiniplex_staircase_pool_2, grunt_megastairs_3
Lair:6:   hangedman_lair_tendril_chambers, wormcave, special_room, st_stairs_3,
          ice2_lemuel
Orc:1:    uniq_nergalle
Orc:2:    grunt_orc_gardens, grunt_orc_garden, grunt_orc_garden,
          grunt_orc_garden, grunt_orc_garden, basic_altar, serial_shops,
          nicolae_shop_crystal, uniq_snorg
Lab:      nicolae_lab_dead_end, nicolae_lab_arrow, nicolae_lab_grate,
          nicolae_lab_very_dead_end, lab_statue, lab_block
IceCv:    ice_cave_small_giant

Skill      XL: |  1  2  3  4  5  6  7  8  9 10 11 12 13 14 15 |
---------------+----------------------------------------------+-----
Fighting       | 1 2 4 6 9 10 12 | 12.6
Unarmed Combat | 3 |  3.0
Spellcasting   | 3 4 5 |  5.5
Transmutations | 3 5 |  5.5
Poison Magic   | 1 |  1.0
Dodging        | 4 6 8 11 12 14 | 14.8
Long Blades    | 3 7 10 13 14 | 14.0
Shields        | 2 4 6 7 |  7.2
Evocations     | 16 18 | 18.0

Action                   |  1- 3 |  4- 6 |  7- 9 | 10-12 | 13-15 | 16-18 || total
-------------------------+-------+-------+-------+-------+-------+-------++-------
Melee: Unarmed           |   127 |    56 |   100 |       |       |       ||   283
       Headbutt          |    16 |       |       |       |       |       ||    16
       Kick              |     4 |       |       |       |       |       ||     4
       Punch             |     1 |     2 |     2 |     4 |       |       ||     9
       Dagger            |       |    92 |   373 |   234 |       |       ||   699
       Trident           |       |       |    94 |       |       |       ||    94
       Scimitar          |       |       |       |   816 |  2268 |   113 ||  3197
 Fire: Hunting sling     |       |    28 |    70 |       |       |       ||    98
Throw: Throwing net      |       |       |       |     2 |       |       ||     2
 Cast: Beastly Appendage |    23 |       |       |       |       |       ||    23
       Sticks to Snakes  |     3 |     1 |    22 |     3 |     1 |       ||    30
       Spider Form       |     2 |     8 |    12 |     1 |       |       ||    23
       Conjure Flame     |       |       |       |       |     9 |     1 ||    10
       Apportation       |       |       |       |       |     3 |       ||     3
Invok: Potion Petition   |       |       |       |       |     1 |       ||     1
 Abil: End Transformatio |       |       |     1 |       |       |       ||     1
Evoke: Wand              |       |       |       |     5 |    14 |       ||    19
  Use: Scroll            |       |    12 |     9 |    11 |     3 |       ||    35
       Potion            |       |     2 |     4 |       |     5 |       ||    11
 Stab: Sleeping          |     1 |     2 |     2 |     2 |     2 |       ||     9
       Distracted        |       |       |     3 |     3 |     9 |       ||    15
       Held in net/web   |       |       |       |     1 |       |       ||     1
       Confused          |       |       |       |     4 |       |       ||     4
  Eat: Ration            |       |     3 |     3 |     8 |    10 |       ||    24
Armor: Robe              |    11 |     8 |    24 |    53 |   162 |     2 ||   260
       Skin              |       |     1 |       |       |    10 |       ||    11
Dodge: Dodged            |   104 |   130 |   490 |   985 |  1644 |    50 ||  3403
       Deflected         |       |       |       |    11 |     7 |       ||    18
Block: Buckler           |       |       |       |   424 |  1036 |    22 ||  1482
       Rpst.: Scimitar   |       |       |       |   188 |   425 |    11 ||   624

Table legend:
 A = Spawn XP
 B = Non-spawn XP
 C = Spawn XP percentage of total XP
 D = Spawn monster count
 E = Non-spawn monster count
 F = Spawn count percentage of total count
 G = Total turns spent on level
                    A         B        C        D         E        F      G
               +---------+---------+-------+---------+---------+-------+---------
         Total |       0 |  160338 |   0.0 |       0 |     861 |   0.0 | 27282
               +---------+---------+-------+---------+---------+-------+---------
           D:1 |       0 |      32 |   0.0 |       0 |      17 |   0.0 |   883
           D:2 |       0 |      50 |   0.0 |       0 |      13 |   0.0 |  1107
           D:3 |       0 |     143 |   0.0 |       0 |      32 |   0.0 |  1664
           D:4 |       0 |     790 |   0.0 |       0 |      28 |   0.0 |  1456
           D:5 |       0 |     597 |   0.0 |       0 |      17 |   0.0 |  1618
           D:6 |       0 |    1038 |   0.0 |       0 |      29 |   0.0 |  1241
           D:7 |       0 |    1123 |   0.0 |       0 |      23 |   0.0 |  1579
           D:8 |       0 |    2381 |   0.0 |       0 |      41 |   0.0 |  1479
           D:9 |       0 |    4744 |   0.0 |       0 |      43 |   0.0 |  1477
          D:10 |       0 |    2003 |   0.0 |       0 |      18 |   0.0 |   786
          D:11 |       0 |    6964 |   0.0 |       0 |      41 |   0.0 |   852
          D:12 |       0 |    8562 |   0.0 |       0 |      40 |   0.0 |  1107
          D:13 |       0 |    9829 |   0.0 |       0 |      45 |   0.0 |   792
          D:14 |       0 |   13141 |   0.0 |       0 |      33 |   0.0 |   791
          D:15 |       0 |   19931 |   0.0 |       0 |      48 |   0.0 |   593
        Lair:1 |       0 |    3675 |   0.0 |       0 |      16 |   0.0 |   857
        Lair:2 |       0 |    2351 |   0.0 |       0 |      21 |   0.0 |   766
        Lair:3 |       0 |    4986 |   0.0 |       0 |      20 |   0.0 |   840
        Lair:4 |       0 |    4714 |   0.0 |       0 |      30 |   0.0 |   974
        Lair:5 |       0 |   10836 |   0.0 |       0 |      28 |   0.0 |   987
        Lair:6 |       0 |   35656 |   0.0 |       0 |     132 |   0.0 |  2238
         Orc:1 |       0 |    7824 |   0.0 |       0 |      43 |   0.0 |   969
         Orc:2 |       0 |    7115 |   0.0 |       0 |      56 |   0.0 |  1032
           Lab |       0 |    3294 |   0.0 |       0 |      12 |   0.0 |   461
         IceCv |       0 |    8559 |   0.0 |       0 |      35 |   0.0 |   706
               +---------+---------+-------+---------+---------+-------+---------
